 Dungeon Crawl Stone Soup version 0.17-a0-1528-gfee3901 (webtiles) character file.

368482 patman the Vine Blade (level 22, -10/122 HPs)
             Began as a Vine Stalker Assassin on July 13, 2015.
             Was the Champion of Ru.
             Mangled by a spriggan berserker
             ... wielding a +0 antimagic war axe
             ... led by a spriggan berserker
              (24 damage)
             ... on level 3 of the Depths on July 15, 2015.
             The game lasted 03:03:49 (45018 turns).

patman the Vine Blade (Vine Stalker Assassin)      Turns: 45018, Time: 03:03:50

Health: -10/122    AC: 38    Str: 19    XL:     22   Next: 61%
Magic:  0/24       EV: 11    Int: 11    God:    Ru [******]
Gold:   1123       SH:  0    Dex: 19    Spells: 5 memorised, 12 levels left

rFire  . . .     SeeInvis .     a - +8 triple sword (slice)
rCold  . . .     Clarity  .     q - +7 chain mail "Uvupneaf" {rPois}
rNeg   . . .     SustAt   .     (no shield)
rPois  +         Gourm    .     f - +2 hat {MR+}
rElec  .         Spirit   +     A - +2 cloak
rCorr  .         Warding  .     i - +2 pair of gloves
rMut   .         Stasis   .     J - +0 pair of boots
MR     +++..                    N - amulet of regeneration
Stlth  ..........               y - +6 ring of protection
                                k - ring of protection from magic

@: exhausted, no potions, very slightly contaminated, drained, extremely
resistant to hostile enchantments, extremely unstealthy
A: fangs 3, thin metallic scales 1, clumsy 1, regeneration 3, magic shield,
antimagic bite, no device heal 3, rot immunity, inability to drink while
threatened, no stealth, hated by all, magic vulnerability 1, inexperienced 1,
missing an eye
a: Draw Out Power, Power Leap, Apocalypse, Renounce Religion
}: 2/15 runes: decaying, gossamer


You were on level 3 of the Depths.
You worshipped Ru.
Ru was exalted by your worship.
You were not hungry.

You visited 7 branches of the dungeon, and saw 43 of its levels.
You visited 1 bazaar.
You also visited: Ice Cave and Volcano.

You collected 5365 gold pieces.
You spent 4242 gold pieces at shops.

Inventory:

Hand weapons
 a - a +8 triple sword of slicing (weapon)
 b - a +4 great sword of flaming
Missiles
 r - 16 javelins (quivered)
Armour
 f - a +2 hat of magic resistance (worn)
 i - a +2 pair of gloves (worn)
 q - the +7 chain mail "Uvupneaf" (worn) {rPois}
   (You bought it in a shop on level 4 of the Orcish Mines)

   It protects you from poison.
 A - a +2 cloak (worn)
 B - a +0 pair of gloves of cold resistance
 J - a +0 pair of boots (worn)
Rods
 Q - a +4 rod of clouds (12/12)
   (You found it on level 8 of the Lair of Beasts)
Jewellery
 h - an uncursed ring of poison resistance
 k - a ring of protection from magic (left hand)
 w - an uncursed ring of wizardry
 y - a +6 ring of protection (right hand)
 I - the ring "Vumiag Tonn" {Ice Dex+4}
   (You found it on level 7 of the Dungeon)

   [ring of ice]

   It enhances your ice magic, and weakens your fire magic.
   It affects your dexterity (+4).
   It makes you vulnerable to fire.
   It protects you from cold.
 N - an amulet of regeneration (around neck)
 R - an uncursed ring of fire
 S - the amulet of the Will of the Gods {Clar rElec}
   (You found it on level 2 of the Lair of Beasts)

   [amulet of clarity]

   It provides mental clarity.
   It insulates you from electricity.
 V - an uncursed ring of magical power
Magical devices
 j - a wand of teleportation (4)
 t - a wand of disintegration (12)
 x - a wand of digging (11)
 W - a wand of teleportation (7)
Scrolls
 c - 9 scrolls of remove curse
 e - 12 scrolls of teleportation
 m - 3 scrolls of fog
 s - a scroll of holy word
 E - 3 scrolls of magic mapping
 F - 2 scrolls of fear
 M - 5 scrolls of immolation
 O - 7 scrolls of recharging
Potions
 d - 5 potions of berserk rage
 o - a potion of resistance
 v - 6 potions of lignification
 z - 6 potions of flight
 C - 5 potions of agility
 D - 3 potions of might
 H - 3 potions of haste
 K - 23 potions of curing
 L - 6 potions of cancellation
 P - 3 potions of ambrosia
 T - 6 potions of invisibility
 U - a potion of magic
 Z - 3 potions of brilliance
Comestibles
 g - 29 bread rations
 l - 45 fruits


   Skills:
 - Level 15.0(14.0) Fighting
   Level 1.7(16.3) Short Blades
 - Level 24.9(23.8) Long Blades
 - Level 1.7(1.1) Throwing
 - Level 13.8(12.9) Armour
 - Level 5.6(4.9) Dodging
 - Level 1.3(0.6) Spellcasting
 * Level 10.4(9.6) Charms
 * Level 10.4(9.5) Necromancy


You had 12 spell levels left.
You knew the following spells:

 Your Spells              Type           Power        Failure   Level  Hunger
a - Apportation           Tloc           #.........   99%         1    ##.....
B - Blink                 Tloc           N/A          100%        2    ###....
M - Repel Missiles        Chrm/Air       ##....       58%         2    ###....
R - Regeneration          Chrm/Necr      ###.......   14%         3    ####...
S - Spectral Weapon       Hex/Chrm       ##......     91%         3    ####...


Dungeon Overview and Level Annotations

Branches:
Dungeon (15/15)            Temple (0/1) D:6            Lair (8/8) D:11
  Swamp (4/4) Lair:5       Spider (4/4) Lair:5        Slime (0/6) Lair:6
    Orc (4/4) D:11            Elf (0/3) Orc:4        Vaults (5/5) D:13
  Crypt (0/3) Vaults:2     Depths (3/5) D:15

Altars:
Cheibriados
Dithmenos
Elyvilon
Fedhas
Gozag
Okawaru
Qazlal
Ru
Trog
Vehumet
Yredelemnul
The Shining One

Shops:
D:4 (   D:8 ?**![   D:15 *(   Orc:2 (*   Orc:3 =   Orc:4 [=[(

Portals:
Hell: Depths:1 Depths:2
Abyss: Depths:2
Trove: Vaults:2 (give +2 storm dragon armour)

Annotations:
D:9 Erolcha


Innate Abilities, Weirdness & Mutations

You have razor-sharp teeth.
You are clumsy. (Dex -2)
You regenerate.
When hurt, damage is shared between your health and your magic reserves.
Your bite disrupts and absorbs the magic of your enemies.
Potions and wands cannot restore your health.
You are immune to rotting.
You cannot drink potions while threatened.
You cannot be stealthy.
You are hated by all.
You are slightly vulnerable to magic.
You are somewhat inexperienced (-2 XL).
You are missing an eye, making it more difficult to aim.
You are partially covered in thin metallic scales (AC +2).


Message History

The spriggan berserker is stunned by your will and fails to attack.
The centaur warrior hits you but does no damage.
The spriggan rider hits you but does no damage.
The spriggan berserker hits you but does no damage.
A fire giant comes into view.
It is wielding a great sword of flaming.
Read which item? (? for menu, Esc to quit)
Okay, then.
Unknown command.
Unknown command.
Read which item? (? for menu, Esc to quit)
Okay, then.
Unknown command.
Read which item? (? for menu, Esc to quit)
Blink to where?
Press: ? - help, Dir - move target cursor You are very lightly contaminated with residual magic.
As you read the scroll of blinking, it crumbles to dust.
The spriggan rider seems to regain its courage.
The spriggan berserker hits you with an antimagic war axe!!
You die...

... ..##C.###
.......).##
..........##
...........#
...........##
............#
#.).##@.#
#.cii.#
#......)...#
......#...###
.....######
..... ≈..C
... ...


You could see a fire giant, a spriggan rider, a centaur warrior and a spriggan
berserker (berserk).

Vanquished Creatures
  Sojobo (Depths:2)
  Norris (Vaults:1)
  A caustic shrike (Depths:2)
  A bone dragon (Depths:2)
  Arachne (Spider:4)
  Jorgrun (Vaults:3)
  The ghost of HEYYEYAAE the Fetichist, a great SpBe of Okawaru (Vaults:4)
  2 tentacled monstrosities
  Rupert (Lair:6)
  An Ice Fiend (IceCv)
  Asterion (Spider:1)
  A deep elf master archer (Depths:2)
  A quicksilver dragon (Depths:2)
  A sphinx (Vaults:3)
  4 thorn hunters
  An octopode crusher (Depths:2)
  3 tengu reavers
  An Executioner (Depths:2)
  2 shadow dragons (Depths:2)
  A draconian monk (Depths:2)
  A storm dragon (Depths:2)
  Donald (Spider:1)
  Maud (Orc:3)
  5 vault wardens
  6 emperor scorpions (Spider:4)
  3 frost giants
  A ghost moth (shapeshifter) (Depths:2)
  3 fire giants
  Aizul (Spider:3)
  2 ghost moths (Spider:4)
  12 ironheart preservers
  A spriggan defender (Depths:3)
  7 stone giants
  7 very ugly things
  A war gargoyle (Depths:2)
  Nessos (Lair:5)
  A salamander firebrand (Depths:2)
  A deep elf demonologist (Vaults:4)
  A deep elf annihilator (Depths:3)
  A salamander stormcaller (Vaults:4)
  17 vault guards
  5 fire dragons
  4 ettins
  2 deep elf death magi
  12 ogre magi
  Josephine (Lair:5)
  2 spriggan air magi
  8 yaktaur captains
  3 catoblepae (Lair:8)
  2 entropy weavers
  A hell beast (Depths:2)
  3 rakshasas
  21 hydras
  2 death knights (Vaults:2)
  3 ice dragons
  10 centaur warriors
  7 great orbs of eyes
  2 ghost crabs (Swamp:2)
  An alligator snapping turtle (Depths:2)
  A dancing weapon (Depths:2)
  2 tengu warriors
  12 alligators
  2 deep troll earth magi
  8 deep troll shamans
  21 death yaks
  A naga sharpshooter (Depths:2)
  4 orc high priests
  Urug (D:13)
  A spriggan berserker (Depths:3)
  A death drake (shapeshifter) (Vaults:4)
  7 deep elf knights
  6 skeletal warriors
  A shadow wraith (Vaults:2)
  A fire crab (Vaults:3)
  6 hell knights (Depths:2)
  2 wizards
  19 deep trolls
  5 ice devils (IceCv)
  2 spriggan druids
  2 unseen horrors
  A giant orange brain (Vaults:1)
  10 ironbrand convokers
  2 shambling mangroves
  2 ice statues (IceCv)
  A deep elf summoner (Vaults:4)
  15 swamp dragons
  2 flayed ghosts
  8 hill giants
  5 harpies
  7 deep elf conjurers
  3 necromancers
  13 orb spiders
  A hornet (shapeshifter) (Vaults:4)
  21 orc knights
  4 griffons
  2 moths of wrath
  5 hornets
  9 manticores
  A mana viper (Depths:2)
  11 orc sorcerers
  53 ugly things
  25 wolf spiders
  10 cyclopes
  An octopode (shapeshifter) (Vaults:2)
  A tengu skeleton (Vaults:2)
  6 black mambas
  A frost giant skeleton (Vaults:2)
  14 elephants
  14 vault sentinels
  An eye of devastation (Depths:2)
  4 naga magi
  Joseph (Lair:1)
  3 toenail golems (Volcano)
  A guardian serpent (shapeshifter) (Depths:3)
  A centaur zombie (D:14)
  A torpor snail (Depths:2)
  A gargoyle (D:13)
  15 spiny frogs
  An efreet (D:13)
  4 centaur skeletons
  A salamander skeleton (Vaults:2)
  12 komodo dragons
  12 demonic crawlers
  45 yaktaurs
  3 deep elf priests
  4 fire drakes
  2 trolls
  7 blue devils (IceCv)
  25 jumping spiders
  22 two-headed ogres
  A polar bear (shapeshifter) (Depths:3)
  2 polar bears (Depths:2)
  A slime creature (shapeshifter) (Vaults:4)
  5 giant leeches
  A tengu conjurer (D:15)
  33 slime creatures
  5 freezing wraiths
  A blink frog (shapeshifter) (Depths:2)
  A raiju (shapeshifter) (Vaults:3)
  7 boulder beetles
  24 trapdoor spiders
  9 bog bodies
  3 shadows
  A snapping turtle (Depths:2)
  10 blink frogs
  A trapdoor spider zombie (D:13)
  26 redbacks
  A trapdoor spider (shapeshifter) (Vaults:2)
  A raiju (Depths:2)
  17 tarantellas
  Sigmund (D:3)
  3 water elementals (Depths:2)
  3 vampires (Depths:2)
  43 yaks
  An air elemental (Depths:1)
  6 humans (Volcano)
  10 deep elf magi
  A human (shapeshifter) (Vaults:4)
  5 wraiths
  10 spriggans
  A steam dragon (Lair:5)
  A wyvern (D:9)
  22 vampire mosquitoes
  A basilisk (Lair:6)
  7 deep elf fighters (Vaults:4)
  6 hogs
  2 mottled dragons
  9 wargs
  19 swamp worms
  10 hippogriffs
  12 wolves
  22 insubstantial wisps
  A hydra simulacrum (Depths:2)
  18 water moccasins
  3 sky beasts
  A phantom (D:7)
  3 ice beasts
  38 orc warriors
  A black bear (Lair:2)
  2 eyes of draining
  14 spiders
  45 ogres
  13 wasps
  4 necrophages
  26 centaurs
  5 porcupines
  19 swamp drakes
  A big kobold (D:11)
  17 giant frogs
  18 crocodiles
  A gnoll sergeant (D:9)
  A water moccasin zombie (D:10)
  7 wights (D:10)
  5 scorpions
  21 killer bees
  3 electric eels
  A wasp zombie (D:8)
  A giant frog zombie (D:12)
  6 hounds
  25 orc priests
  4 crimson imps
  7 jellies
  A giant frog skeleton (D:4)
  An iron imp (D:7)
  45 orc wizards
  8 hell rats
  8 iguanas
  An elf simulacrum (Vaults:2)
  9 worker ants
  17 sheep
  A hound zombie (D:8)
  2 hound skeletons
  The ghost of Eleanoora the Gusty, a weakling VSAE (D:4)
  3 gnolls (D:9)
  Robin (D:3)
  50 river rats
  9 adders
  A worker ant zombie (D:6)
  4 shadow imps
  19 white imps
  7 ufetubi (IceCv)
  A giant eyeball (Depths:2)
  2 oozes (Lair:6)
  An adder zombie (D:9)
  3 worms (D:3)
  4 giant geckos
  202 orcs
  A bat skeleton (D:8)
  2 gnoll zombies (D:6)
  22 goblins
  20 hobgoblins
  4 jackals (D:6)
  7 quokkas
  15 bats
  2 giant cockroaches
  5 giant newts
  15 kobolds
  A quokka skeleton (D:5)
  21 rats
  A briar patch (Swamp:4)
  3 fungi (D:11)
  2 plants (Lair:4)
1887 creatures vanquished.

Vanquished Creatures (others)
  Nikola (Spider:4)
  A lich (Vaults:4)
  Gastronok (D:9)
  A salamander firebrand (Depths:2)
  A vault guard (Vaults:5)
  3 hydras
  A centaur warrior (Vaults:3)
  An alligator (Swamp:3)
  2 death yaks (Lair:8)
  A spriggan berserker (Depths:3)
  A hell knight (Depths:2)
  A deep troll (Depths:1)
  An orb spider (Spider:4)
  A harpy (Vaults:3)
  An orc sorcerer (Depths:1)
  A hornet (Swamp:4)
  An orc knight (Orc:4)
  A griffon (Lair:7)
  A spiny frog (Lair:6)
  A manticore (Depths:2)
  A yaktaur (Vaults:1)
  A deep elf priest (Vaults:4)
  A giant leech (Swamp:4)
  A slime creature (Vaults:1)
  A tarantella (Spider:1)
  A redback (Lair:5)
  A trapdoor spider (Spider:4)
  A swamp worm (Swamp:4)
  An insubstantial wisp (Swamp:1)
  A swamp drake (Swamp:4)
  A spider (Spider:4)
  4 ogres
  A crocodile (Lair:6)
  A killer bee (D:13)
  An orc priest (Orc:4)
  A hell rat (Lair:3)
  2 sheep
  2 river rats (Lair:6)
  A white imp (IceCv)
  2 ufetubi (IceCv)
  6 orcs
  A kobold (D:11)
  A briar patch (Swamp:4)
  27 fungi
  8 plants
92 creatures vanquished.

Grand Total: 1979 creatures vanquished

Notes
Turn   | Place    | Note
--------------------------------------------------------------
     0 | D:1      | patman the Vine Stalker Assassin began the quest for the Orb.
     0 | D:1      | Reached XP level 1. HP: 11/11 MP: 2/2
    55 | D:1      | Reached skill level 1 in Dodging
   200 | D:1      | Reached XP level 2. HP: 15/15 MP: 3/3
   848 | D:2      | Found a white marble altar of Elyvilon.
   908 | D:2      | Reached XP level 3. HP: 18/18 MP: 4/4
  1188 | D:3      | Found an opulent altar of Gozag.
  1215 | D:3      | Noticed Robin
  1224 | D:3      | Reached XP level 4. HP: 23/23 MP: 5/5
  1271 | D:3      | Killed Robin
  1307 | D:3      | Noticed Sigmund
  1403 | D:4      | Reached XP level 5. HP: 26/26 MP: 6/6
  1443 | D:4      | Found a bloodstained altar of Trog.
  1635 | D:4      | Found a sacrificial altar of Ru.
  1644 | D:4      | Became a worshipper of Ru the Awakened
  1683 | D:4      | Noticed Eleanoora's ghost (weakling VSAE)
  1715 | D:3      | Killed Sigmund
  1715 | D:3      | Reached skill level 5 in Dodging
  1715 | D:3      | Gained mutation: You heal very quickly. [Vine Stalker growth]
  1715 | D:3      | Reached XP level 6. HP: 30/30 MP: 7/7
  1813 | D:3      | Found a blossoming altar of Fedhas.
  2146 | D:3      | Found an iron altar of Okawaru.
  2545 | D:4      | Killed Eleanoora's ghost
  2617 | D:4      | Found Ufoegahu's Antique Weapon Boutique.
  2620 | D:4      | Bought a glowing quarterstaff for 96 gold pieces
  2681 | D:5      | Entered Level 5 of the Dungeon
  2694 | D:5      | Found a glowing golden altar of the Shining One.
  2695 | D:5      | Got an ebony falchion
  2696 | D:5      | Identified the +10 falchion "Qoxosua" {slice, rElec rF+ rN+ Int+2} (You found it on level 5 of the Dungeon)
  2701 | D:5      | Reached XP level 7. HP: 32/35 MP: 6/8
  2712 | D:5      | Reached skill level 1 in Long Blades
  2855 | D:5      | Gained mutation: You are slightly vulnerable to magic. [Ru sacrifice]
  2855 | D:5      | Acquired Ru's first power
  3372 | D:6      | Found a staircase to the Ecumenical Temple.
  3844 | D:6      | Gained mutation: You have razor-sharp teeth. [Vine Stalker growth]
  3844 | D:6      | Reached XP level 8. HP: 39/39 MP: 9/9
  3981 | D:6      | Found a basalt altar of Yredelemnul.
  4031 | D:7      | Got a scorched tin ring
  4032 | D:7      | Identified the ring "Vumiag Tonn" {Ice Dex+4} (You found it on level 7 of the Dungeon)
  4037 | D:7      | Reached skill level 5 in Long Blades
  4139 | D:7      | Got a twisted leather armour
  4170 | D:7      | Got a thick robe
  4181 | D:7      | Identified the +0 robe of Ennui {*Contam Str+4 Int+3 Stlth+} (You found it on level 7 of the Dungeon)
  4191 | D:7      | Identified the +2 leather armour "Acilaf" {Int+6} (You found it on level 7 of the Dungeon)
  4242 | D:7      | Gained mutation: You are occasionally teleported to nearby monsters. [mutagenic glow]
  4276 | D:7      | Reached skill level 6 in Long Blades
  4325 | D:7      | Gained mutation: You cannot drink potions while threatened. [Ru sacrifice]
  4325 | D:7      | Acquired Ru's second power
  4438 | D:7      | Reached skill level 7 in Long Blades
  4467 | D:7      | Found a snail-covered altar of Cheibriados.
  4568 | D:7      | Found a radiant altar of Vehumet.
  4672 | D:7      | Found a shadowy altar of Dithmenos.
  5021 | D:8      | Reached XP level 9. HP: 42/42 MP: 8/10
  5031 | D:8      | Reached skill level 8 in Long Blades
  5074 | D:8      | Found Cyimow's General Store.
  5129 | D:8      | Bought a potion of curing for 30 gold pieces
  5129 | D:8      | Bought a scroll of noise for 10 gold pieces
  5148 | D:8      | Found Ivif's Distillery.
  5205 | D:8      | Reached skill level 9 in Long Blades
  5224 | D:8      | Found Reab's Antique Armour Emporium.
  5267 | D:8      | Found Loetaute's General Store.
  5279 | D:8      | Found Jaifeamo's Magic Scroll Emporium.
  5581 | D:8      | Bought a shimmering ring mail for 225 gold pieces
  5591 | D:8      | Identified the cursed +1 ring mail of the Moon {+Inv rElec Str+4 Stlth-} (You bought it in a shop on level 8 of the Dungeon)
  5764 | D:9      | Reached skill level 1 in Armour
  5896 | D:9      | Noticed Psyche
  5980 | D:9      | Reached XP level 10. HP: 37/49 MP: 7/11
  6068 | D:9      | Noticed Erolcha
  6070 | D:9      | Noticed a hill giant
  6109 | D:10     | Entered Level 10 of the Dungeon
  6201 | D:10     | Noticed Psyche
  6201 | D:10     | Psyche changed into Psyche the hog
  6203 | D:10     | Killed Psyche the hog
  6208 | D:10     | Gained mutation: You are missing an eye, making it more difficult to aim. [Ru sacrifice]
  6208 | D:10     | Acquired Ru's third power
  6497 | D:10     | Reached skill level 5 in Fighting
  6725 | D:10     | Reached skill level 5 in Armour
  7005 | D:9      | Noticed Gastronok
  7047 | D:9      | Killed Gastronok
  7047 | D:9      | Reached XP level 11. HP: 45/58 MP: 8/12
  7296 | D:11     | Noticed a hill giant
  7307 | D:11     | Killed a hill giant
  7521 | D:11     | Found a staircase to the Orcish Mines.
  7530 | Orc:1    | Entered Level 1 of the Orcish Mines
  7591 | Orc:1    | Gained mutation: You are somewhat inexperienced (-2 XL). [Ru sacrifice]
  7591 | Orc:1    | Reached XP level 10. HP: 56/56 MP: 11/11
  7591 | Orc:1    | Reached XP level 9. HP: 51/51 MP: 10/10
  7591 | Orc:1    | Acquired Ru's fourth power
  8037 | Orc:2    | Found Lohenk's Luxury Loot.
  8167 | Orc:2    | Found Pawkirom's Weapon Shop.
  8320 | Orc:2    | You fall through a shaft!
  8378 | Orc:3    | Found Zeoheu's Jewellery Shop.
  8433 | Orc:3    | Noticed Maud
  8459 | Orc:2    | Reached XP level 10. HP: 30/56 MP: 11/11
  8584 | Orc:3    | Killed Maud
  8987 | Orc:3    | Gained mutation: You are hated by all. [Ru sacrifice]
  8987 | Orc:3    | Acquired Ru's fifth power
  9656 | Orc:4    | Entered Level 4 of the Orcish Mines
  9668 | Orc:4    | Found Xeim Kifo's Armour Emporium.
  9668 | Orc:4    | Found Xofrut's Weapon Shop.
  9668 | Orc:4    | Found Bomepimi's Jewellery Emporium.
  9668 | Orc:4    | Found Usiofem's Antique Armour Shop.
  9668 | Orc:4    | Noticed an orc high priest
  9668 | Orc:4    | Noticed an orc sorcerer
  9668 | Orc:4    | Noticed an orc knight
  9668 | Orc:4    | Noticed an orc sorcerer
  9668 | Orc:4    | Noticed an orc knight
  9668 | Orc:4    | Noticed an orc high priest
  9668 | Orc:4    | Noticed an orc high priest
  9668 | Orc:4    | Noticed an orc knight
  9668 | Orc:4    | Noticed an orc sorcerer
  9673 | Orc:4    | Noticed a sun demon
  9729 | Orc:4    | Noticed an orc knight
  9768 | Orc:4    | Killed an orc knight
 10005 | Orc:4    | Found a staircase to the Elven Halls.
 10485 | Orc:4    | Reached XP level 11. HP: 49/62 MP: 10/12
 10523 | Orc:4    | Killed an orc sorcerer
 10557 | Orc:4    | Killed an orc high priest
 10557 | Orc:4    | Killed an orc sorcerer
 10557 | Orc:4    | Killed an orc knight
 10560 | Orc:4    | Killed an orc high priest
 10567 | Orc:4    | Killed an orc sorcerer
 10570 | Orc:4    | Killed an orc high priest
 10570 | Orc:4    | Reached skill level 10 in Fighting
 10578 | Orc:4    | Killed an orc knight
 10586 | Orc:4    | Killed an orc knight
 10619 | Orc:4    | Bought a crude chain mail for 190 gold pieces
 10629 | Orc:4    | Identified the +7 chain mail "Uvupneaf" {rPois} (You bought it in a shop on level 4 of the Orcish Mines)
 10652 | Orc:4    | Bought a +2 great sword of electrocution for 366 gold pieces
 11139 | D:11     | Found a staircase to the Lair.
 11729 | Orc:3    | Bought an uncursed ring of poison resistance for 340 gold pieces
 11848 | Lair:1   | Entered Level 1 of the Lair of Beasts
 11938 | Lair:1   | Gained mutation: You regenerate. [Vine Stalker growth]
 11938 | Lair:1   | Reached XP level 12. HP: 51/69 MP: 13/13
 11997 | Lair:1   | Reached skill level 11 in Fighting
 11997 | Lair:1   | Reached skill level 10 in Armour
 11997 | Lair:1   | Reached XP level 13. HP: 72/74 MP: 14/14
 12374 | D:8      | Bought a pair of glowing boots for 112 gold pieces
 12385 | D:8      | Bought a runed helmet for 112 gold pieces
 12577 | Lair:1   | Noticed Joseph
 12593 | Lair:1   | Killed Joseph
 12902 | Lair:2   | Gained mutation: You are clumsy. (Dex -2) [Ru sacrifice]
 12925 | Lair:2   | Reached skill level 12 in Fighting
 13087 | Lair:2   | Found a stormy altar of Qazlal.
 13100 | Lair:2   | Got a scintillating sapphire amulet
 13102 | Lair:2   | Identified the amulet of the Will of the Gods {Clar rElec} (You found it on level 2 of the Lair of Beasts)
 14164 | Lair:3   | Gained mutation: You cannot be stealthy. [Ru sacrifice]
 14430 | Lair:3   | Found a snail-covered altar of Cheibriados.
 15701 | Lair:5   | Noticed Nessos
 15717 | Lair:5   | Killed Nessos
 15901 | Lair:5   | Reached skill level 13 in Fighting
 16009 | Lair:5   | Found a staircase to the Swamp.
 16048 | Lair:5   | Lost mutation: You are occasionally teleported to nearby monsters. [potion of cure mutation]
 16337 | Lair:5   | Noticed Josephine
 16355 | Lair:5   | Killed Josephine
 16370 | Lair:5   | Reached XP level 14. HP: 79/82 MP: 15/15
 16429 | Lair:5   | Found a hole to the Spider Nest.
 16500 | Lair:6   | Found a staircase to the Slime Pits.
 16518 | Lair:6   | Noticed Rupert
 16558 | Lair:6   | Killed Rupert
 16614 | Lair:6   | Found a dark tunnel.
 16649 | Volcano  | Entered a volcano
 17174 | Lair:6   | Upgraded the game from 0.17-a0-1519-g2001520 to 0.17-a0-1522-g6c5b4ba
 17640 | Lair:7   | Learned a level 1 spell: Apportation
 17643 | Lair:7   | Learned a level 2 spell: Blink
 18031 | Lair:7   | Reached skill level 14 in Fighting
 18520 | Lair:8   | Entered Level 8 of the Lair of Beasts
 19562 | Lair:8   | Reached XP level 15. HP: 60/88 MP: 16/16
 19883 | Lair:8   | Reached skill level 15 in Fighting
 19997 | Lair:8   | Identified a scroll of acquirement
 20004 | Lair:8   | Identified a +4 rod of clouds (12/12) (You found it on level 8 of the Lair of Beasts)
 20318 | D:12     | Learned a level 2 spell: Repel Missiles
 20333 | D:12     | Reached skill level 10 in Long Blades
 21276 | D:13     | Found a gate to the Vaults.
 21748 | D:13     | Noticed Urug
 21763 | D:13     | Killed Urug
 22975 | D:15     | Entered Level 15 of the Dungeon
 23026 | D:15     | Found Kerietat's General Store.
 23485 | D:15     | Found Woschedoupn's Weapon Shoppe.
 23606 | D:15     | Reached XP level 16. HP: 92/95 MP: 17/17
 23877 | D:15     | Found a staircase to the Depths.
 24274 | Swamp:1  | Entered Level 1 of the Swamp
 25251 | Swamp:2  | Noticed a thorn hunter
 25274 | Swamp:2  | Killed a thorn hunter
 26321 | Swamp:3  | Reached skill level 15 in Long Blades
 26701 | Orc:3    | Bought a +6 ring of protection for 1326 gold pieces
 27203 | Swamp:3  | Noticed a thorn hunter
 27214 | Swamp:3  | Killed a thorn hunter
 27763 | Swamp:4  | Entered Level 4 of the Swamp
 27848 | Swamp:4  | Reached XP level 17. HP: 99/99 MP: 18/18
 28002 | Swamp:4  | Reached skill level 16 in Long Blades
 28085 | Swamp:4  | Noticed a thorn hunter
 28100 | Swamp:4  | Killed a thorn hunter
 28191 | Swamp:4  | Noticed a thorn hunter
 28221 | Swamp:4  | Killed a thorn hunter
 28427 | Swamp:4  | Got a decaying rune of Zot
 28534 | Swamp:4  | Reached skill level 17 in Long Blades
 28860 | Spider:1 | Entered Level 1 of the Spider Nest
 28913 | Spider:1 | Noticed Asterion
 28931 | Spider:1 | Killed Asterion
 29569 | Spider:1 | Noticed Donald
 29586 | Spider:1 | Killed Donald
 30364 | Spider:2 | Got a pair of crude boots
 30375 | Spider:2 | Identified the +2 pair of boots of Fyguen {rF- rN+ Str+8 SInv} (You found it on level 2 of the Spider Nest)
 31031 | Spider:2 | Reached skill level 18 in Long Blades
 31677 | Spider:3 | Found a frozen archway.
 31714 | IceCv    | Entered an ice cave
 31927 | IceCv    | Reached XP level 18. HP: 91/104 MP: 16/19
 32015 | IceCv    | Noticed an Ice Fiend
 32028 | IceCv    | Killed an Ice Fiend
 32126 | IceCv    | Got an ichor-stained demon trident
 32127 | IceCv    | Identified the cursed +3 demon trident of Terror {drain, Str-5 Dex+3} (You found it in an ice cave)
 32289 | Spider:3 | Noticed Aizul
 32304 | Spider:3 | Killed Aizul
 32449 | Spider:3 | Gained mutation: You are partially covered in thin metallic scales (AC +2). [potion of beneficial mutation]
 33259 | Spider:4 | Entered Level 4 of the Spider Nest
 33266 | Spider:4 | Noticed Nikola
 33396 | Spider:4 | Killed Nikola
 33452 | Spider:4 | Reached skill level 19 in Long Blades
 33549 | Spider:4 | Noticed Arachne
 33574 | Spider:4 | Killed Arachne
 34245 | Orc:2    | Bought a manual of Long Blades for 1435 gold pieces
 35062 | Spider:4 | Reached skill level 20 in Long Blades
 35138 | Spider:4 | Got a gossamer rune of Zot
 35627 | Vaults:1 | Entered Level 1 of the Vaults
 36158 | Vaults:1 | Reached skill level 21 in Long Blades
 36271 | Vaults:1 | Reached XP level 19. HP: 101/108 MP: 20/20
 36467 | Vaults:1 | Noticed Norris
 36479 | Vaults:1 | Killed Norris
 37068 | Vaults:1 | Reached skill level 22 in Long Blades
 37423 | Vaults:2 | Found a staircase to the Crypt.
 38122 | Vaults:2 | Learned a level 3 spell: Regeneration
 38129 | Vaults:2 | Learned a level 3 spell: Spectral Weapon
 38501 | Vaults:2 | Found a portal to a secret trove of treasure.
 38789 | Vaults:3 | Found a flickering gateway to a bazaar.
 38794 | Bazaar   | Entered a bazaar
 38807 | Bazaar   | Found Kecoo's Food Emporium.
 38807 | Bazaar   | Found Omeryl's Jewellery Emporium.
 38843 | Bazaar   | Found Exoumyan's General Store.
 38843 | Bazaar   | Found Raisoov's Distillery.
 39059 | Vaults:3 | Reached skill level 23 in Long Blades
 39208 | Vaults:3 | Noticed Jorgrun
 39223 | Vaults:3 | Killed Jorgrun
 39223 | Vaults:3 | Reached XP level 20. HP: 82/113 MP: 19/21
 40763 | Vaults:4 | Noticed HEYYEYAAE's ghost (great SpBe)
 40914 | Vaults:4 | Reached skill level 24 in Long Blades
 41093 | Vaults:4 | HP: 4/113 [frost giant/bolt of cold (27)]
 41330 | Vaults:4 | Killed HEYYEYAAE's ghost
 41427 | Vaults:4 | Upgraded the game from 0.17-a0-1522-g6c5b4ba to 0.17-a0-1528-gfee3901
 41882 | Vaults:4 | Reached XP level 21. HP: 117/117 MP: 22/22
 42124 | Vaults:5 | Entered Level 5 of the Vaults
 42427 | Depths:1 | Entered Level 1 of the Depths
 42474 | Depths:1 | Found a gateway to Hell.
 42478 | Depths:1 | Reached skill level 1 in Spellcasting
 42521 | Depths:1 | Reached skill level 1 in Charms
 42524 | Depths:1 | Reached skill level 1 in Necromancy
 43213 | Depths:2 | Noticed a caustic shrike
 43229 | Depths:2 | Killed a caustic shrike
 43232 | Depths:2 | Reached skill level 5 in Charms
 43256 | Depths:2 | Reached skill level 5 in Necromancy
 43313 | Depths:2 | Found a one-way gate to the infinite horrors of the Abyss.
 43413 | Depths:2 | HP: 4/117 [manticore (13)]
 43725 | Depths:2 | Got a scintillating glass ring
 43926 | Depths:2 | Reached XP level 22. HP: 86/122 MP: 24/24
 44337 | Depths:2 | Got a smoking ring mail
 44338 | Depths:2 | Identified the +5 ring mail "Ovypnir" {rC+ Str+3} (You found it on level 2 of the Depths)
 44341 | Depths:2 | Identified the ring of Gluttony {EV+3 Str+3 Stlth+} (You took it off an orc knight on level 2 of the Depths)
 44671 | Depths:2 | Noticed Sojobo
 44708 | Depths:2 | Killed Sojobo
 44992 | Depths:3 | Reached skill level 10 in Charms
 44992 | Depths:3 | Reached skill level 10 in Necromancy
 45018 | Depths:3 | Mangled by a spriggan berserker

Vault maps used:
D:1:      matt_arrival_refuge, hangedman_decor_riveting
D:2:      overflow_temple_1_default, minmay_misc_feat_more_columns
D:3:      overflow_temple_1_default, lemuel_doored_altar,
          lemuel_coloured_pillars_altar, kennysheep_small_spiral, uniq_robin,
          uniq_sigmund
D:4:      lemuel_crystal_altar, lemuel_round_altar, serial_shops,
          kennysheep_mini
D:5:      overflow_temple_1_default, first_bread, kennysheep_generic_room_3
D:6:      lemuel_zombie_altar_yredelemnul, minmay_temple_entry_grid
D:7:      slow_altar_1, kennysheep_mini_moat, kennysheep_little_box
D:8:      serial_shops, nicolae_shop_stone, nicolae_shop_waterfront, shop, shop,
          nicolae_shop_behind_doors
D:9:      the_bakery, uniq_psyche, uniq_gastronok, uniq_erolcha
D:11:     due_lair_maze_entry_diamond, hiddenorc1_lemuel
D:13:     david_vaults_2, uniq_urug
D:14:     minmay_misc_feat_pillars, uniq_kirke
D:15:     grunt_enter_depths_magical_seal, nicolae_benzene_ring, serial_shops,
          shop, shop
Lair:1:   serial_bayou_lagoon_b, infiniplex_staircase_pool_2, uniq_joseph
Lair:2:   basic_altar, st_stairs_3
Lair:3:   basic_altar, cheibrodos_lair_reptile_den
Lair:4:   kennysheep_rathole, minmay_stone_trees_small, minmay_holes,
          grunt_megastairs_2, lemuel_fruit_fields
Lair:5:   swamp_mist, spider_nest_entry_funnel_web, uniq_josephine, uniq_nessos
Lair:6:   nicolae_slime_entry_slimehenge, nicolae_volcano_entry_two_sided,
          serial_forest, infiniplex_forest_lined_corner,
          infiniplex_forest_corner_1, infiniplex_forest_lined_2,
          infiniplex_forest_clump_small, infiniplex_forest_clump_diagonal,
          infiniplex_forest_clump_large, guppyfry_lair_drakes, uniq_rupert
Lair:7:   boulder_dual_corridor_run, beast_lair_carwin_2
Lair:8:   evilmike_catoblepas_cave, lemuel_fruit_tree, serial_bayou_shore_b
Swamp:1:  nicolae_swamp_treefoil, swamp_pool1, st_swamp_ruins_3
Swamp:2:  evilmike_swamp_ruin_house_5
Swamp:3:  serial_swamp_ruin, evilmike_swamp_ruin_rubble_2,
          hangedman_swamp_ruin_hall
Swamp:4:  swamp_alternative
Spider:1: guppyfry_spider_mini_1, uniq_asterion, uniq_donald
Spider:2: hangedman_spider_mandibles
Spider:3: portal_ice_cave_entry_imps, spider_trap, uniq_aizul
Spider:4: grunt_spider_rune_circles, uniq_nikola, uniq_arachne
Orc:2:    serial_shops, shop, nicolae_alphabet_shops
Orc:3:    serial_shops, nicolae_shop_crystal, nicolae_orc_pool_cavern, uniq_maud
Orc:4:    grunt_orc_tribal_feast
Vaults:1: v_alt_pattern_2, v_rooms_2, v_misc_1,
          nicolae_vaults_diagonal_hallway_7, ontoclasm_vaults_spin,
          nicolae_vaults_diagonal_hallway_8, v_alt_pattern_4, v_misc_13,
          hangedman_vaults_river_flow, v_misc_31, ontoclasm_vaults_misaligned,
          uniq_norris
Vaults:2: blue_anna_dwarven_crypt, grunt_vaults_focal,
          ontoclasm_vaults_loading_screen, nicolae_vaults_twisting_passages,
          v_rooms_3, v_pattern_1, nicolae_vaults_rhombus_7,
          vaults_room_grunt_arrival_checkpoint, v_misc_24,
          nicolae_vaults_little_squares_3, v_misc_18, vaults_room_grid,
          v_misc_2, ontoclasm_vaults_pinch, vaults_room_pools,
          nicolae_trove_entry_crossroad
Vaults:3: vaults_mumra_minichess, nicolae_vaults_fighting_squares,
          vaults_dpeg_encased_lava, nicolae_vaults_what_the_h,
          nicolae_vaults_little_squares_6, ontoclasm_vaults_chip, v_misc_19,
          nicolae_vaults_yaktaur_gun_rack, ontoclasm_vaults_chip,
          ontoclasm_vaults_chip, serial_shops, bzr_entry_road, uniq_jorgrun
Vaults:4: nicolae_vaults_triangles, hangedman_vaults_restitches,
          hangedman_vaults_corner, nicolae_vaults_rhombus_6,
          grunt_vaults_diagonal, hangedman_vaults_unwind, vaults_mumra_lcd,
          kb_rosetta, nicolae_vaults_little_squares_6, v_pattern_2,
          vaults_room_octagon, hangedman_vaults_snaps, vaults_dpeg_cross,
          vaults_room_door_ring
Vaults:5: serial_shops, uniq_mennas
Depths:1: hangedman_decor_opposing, pf_vacation_house_of_asmodeus,
          nooodl_orcs_dogs
Depths:2: hangedman_pleasuredromes, hell_entry, abyss_entry, uniq_sojobo
Depths:3: onia_ninara_swampy_vault, enter_ziggurat_d, serial_shops,
          nicolae_shop_stone, corexii_leaking_fountain, grunt_hell_horde,
          pan_entry, evilmike_ambush, uniq_jory
Bazaar:   grunt_bazaar_doublecross
IceCv:    ice_cave_small_demon
Volcano:  volcano_bunker

Action                   |  1- 3 |  4- 6 |  7- 9 | 10-12 | 13-15 | 16-18 | 19-21 | 22-24 || total
-------------------------+-------+-------+-------+-------+-------+-------+-------+-------++-------
Melee: Dagger            |    40 |    30 |       |       |       |       |       |       ||    70
       Spear             |    66 |    50 |       |       |       |       |       |       ||   116
       Whip              |       |    53 |       |       |     3 |       |       |       ||    56
       Falchion          |       |    10 |   472 |   586 |  1824 |    95 |       |       ||  2987
       Quarterstaff      |       |     4 |       |       |       |       |       |       ||     4
       Great sword       |       |       |       |    20 |       |  2052 |       |       ||  2072
       Triple sword      |       |       |       |       |       |    68 |  1802 |   309 ||  2179
 Fire: Blowgun           |       |     2 |       |    12 |       |       |       |       ||    14
Throw: Javelin           |       |       |       |     8 |     7 |       |       |     1 ||    16
Invok: Sacrifice Essence |       |       |     1 |       |       |       |       |       ||     1
       Sacrifice Drink   |       |       |     1 |       |       |       |       |       ||     1
       Sacrifice Experie |       |       |     1 |       |       |       |       |       ||     1
       Draw Out Power    |       |       |       |     1 |       |     1 |     3 |       ||     5
       Sacrifice Love    |       |       |       |     1 |       |       |       |       ||     1
       Sacrifice an Eye  |       |       |       |     1 |       |       |       |       ||     1
       Reject Sacrifices |       |       |       |     1 |       |       |       |       ||     1
       Apocalypse        |       |       |       |     1 |     1 |       |     1 |     1 ||     4
       Sacrifice Purity  |       |       |       |       |     1 |       |       |       ||     1
       Sacrifice Stealth |       |       |       |       |     1 |       |       |       ||     1
Evoke: Wand              |       |       |       |     5 |    13 |     4 |     1 |       ||    23
  Use: Scroll            |       |     3 |     9 |    12 |    20 |    19 |     4 |     5 ||    72
       Potion            |       |       |       |     3 |     2 |     6 |     2 |       ||    13
 Stab: Sleeping          |     8 |     7 |    13 |    10 |     2 |       |       |       ||    40
       Paralysed         |       |     2 |       |     7 |    22 |     6 |    16 |     1 ||    54
       Distracted        |       |       |     4 |     5 |     7 |    10 |     5 |     1 ||    32
       Invisible         |       |       |     1 |     4 |    35 |    42 |    30 |     2 ||   114
       Confused          |       |       |       |       |     1 |     6 |       |       ||     7
  Eat: Chunk             |     1 |     3 |     8 |    16 |    21 |    10 |     4 |     2 ||    65
       Royal jelly       |       |     1 |       |       |       |       |       |       ||     1
       Meat ration       |       |       |     1 |       |     1 |    11 |     4 |     1 ||    18
       Beef jerky        |       |       |     1 |     3 |     5 |       |       |       ||     9
       Pizza             |       |       |       |       |     6 |       |       |     1 ||     7
       Bread ration      |       |       |       |       |       |       |     1 |       ||     1
